 Dungeon Crawl Stone Soup version 0.26.1-11-gd32895ea62 (webtiles) character file.

Game seed: 3876251435369006451

257 jlumianski the Grasshopper (level 6, -1/50 HPs)
             Began as a Gnoll Warper on Apr 19, 2021.
             Slain by Grinder (6 damage)
             ... while paralysed by Grinder
             ... on level 3 of the Dungeon.
             The game lasted 00:10:29 (2900 turns).

jlumianski the Grasshopper (Gnoll Warper)           Turns: 2900, Time: 00:10:30

Health: -1/50      AC:  4    Str: 10 (13) XL:     6   Next: 16%
Magic:  13/13      EV:  2    Int: 15 (17) God:
Gold:   239        SH:  0    Dex: 13 (15) Spells: 7/15 levels left

rFire    . . .     SeeInvis .   n - +0 hand axe (venom)
rCold    . . .     Faith    .   (no shield)
rNeg     . . .     Spirit   .   b - +0 leather armour
rPois    .         Reflect  .   (no helmet)
rElec    .         Harm     .   (no cloak)
rCorr    .         Rampage  .   i - +0 pair of gloves
Will     .....                  (no boots)
Stlth    +++.......             (no amulet)
HPRegen  0.16/turn              u - ring of stealth
MPRegen  0.13/turn              (no ring)

@: paralysed
A: distributed training, fangs 1, strong nose
a: no special abilities


You were on level 3 of the Dungeon.
You visited 1 branch of the dungeon, and saw 3 of its levels.

You collected 239 gold pieces.

Inventory:

Hand Weapons
 a - a +0 hand axe
 n - a +0 hand axe of venom (weapon)
Missiles
 e - 5 boomerangs of dispersal
 f - 84 stones
 r - 4 boomerangs
 w - 3 poisoned darts (quivered)
Armour
 b - a +0 leather armour (worn)
 i - a +0 pair of gloves (worn)
 q - a scarf of harm
Jewellery
 u - a ring of stealth (left hand)
Scrolls
 d - a scroll of blinking
 g - a scroll of teleportation
 h - a scroll of fear
 m - a scroll of amnesia {unknown}
 s - a scroll of remove curse {unknown}
 t - a scroll of identify
Potions
 c - a potion of lignification {unknown}
 j - a potion of resistance {unknown}
 k - a potion of degeneration
 l - a potion of curing {unknown}
 o - a potion of mutation {unknown}
 p - a potion of heal wounds
 v - a potion of haste {unknown}


   Skills:
 + Level 4.9 Fighting
 + Level 1.8 Short Blades
 + Level 1.8 Long Blades
 + Level 4.9 Axes
 + Level 1.8 Maces & Flails
 + Level 1.8 Polearms
 + Level 1.8 Staves
 + Level 1.8 Slings
 + Level 1.8 Bows
 + Level 1.8 Crossbows
 + Level 3.1 Throwing
 + Level 3.1 Armour
 + Level 4.9 Dodging
 + Level 1.8 Stealth
 + Level 1.8 Shields
 + Level 1.8 Unarmed Combat
 + Level 5.3 Spellcasting
 + Level 1.4 Conjurations
 + Level 1.4 Hexes
 + Level 1.4 Summonings
 + Level 1.4 Necromancy
 + Level 5.6 Translocations
 + Level 1.4 Transmutations
 + Level 1.4 Fire Magic
 + Level 1.4 Ice Magic
 + Level 1.4 Air Magic
 + Level 1.4 Earth Magic
 + Level 1.4 Poison Magic
 + Level 2.0 Invocations
 + Level 1.8 Evocations


You had 7 spell levels left.
You knew the following spells:

 Your Spells              Type           Power        Failure   Level
a - Blink                 Tloc           N/A          3%          2
b - Gell's Gravitas       Tloc           10%          6%          3
c - Teleport Other        Tloc           20%          6%          3

Your spell library contained the following spells:

 Spells                   Type           Power        Failure   Level
 Lesser Beckoning         Tloc           10%          6%          3
 Passage of Golubria      Tloc           N/A          21%         4


Dungeon Overview and Level Annotations

Branches:
Dungeon (3/15)

Altars:

Annotations:
D:3 Grinder


Innate Abilities, Weirdness & Mutations

Your experience applies equally to all skills.
You have very sharp teeth.
Your uncanny sense of smell can sniff out nearby items.


Message History

You closely miss Grinder.
Grinder is moderately wounded.
Grinder hits you.
You writhe in agony.
You barely miss Grinder.
Grinder is moderately wounded.
Grinder hits you.
You writhe in agony.
You barely miss Grinder.
Grinder is moderately wounded.
Grinder gestures at you.
You suddenly lose the ability to move!
Grinder hits you.
You writhe in agony.
Grinder hits you.
You writhe in agony.
Grinder hits you.
* * * LOW HITPOINT WARNING * * *
You writhe in agony.
* * * LOW HITPOINT WARNING * * *
Grinder hits you!
* * * LOW HITPOINT WARNING * * *
You writhe in agony.
You die...

#.....#.#......#..........
#.....##.###8.##..........
#.....#.#...####.........#
#.....#.###..# #.........#
#.....##.##.## #..........
#.....###.######..........
#.........................
#.........................
#.......5@...............#
#...........(....(.......#
#.........................
...........................
...........................
...........................
.........(................#
.........................#
........................#


You could see Grinder (poisoned).

Vanquished Creatures
  Sigmund (D:3)
  2 adders (D:2)
  An ooze (D:1)
  2 worms
  A dart slug (D:3)
  2 leopard geckos (D:1)
  6 orcs (D:3)
  A ball python (D:3)
  4 giant cockroaches (D:1)
  9 goblins
  8 hobgoblins
  3 jackals (D:3)
  8 kobolds
  5 bats
  3 frilled lizards
  5 rats
61 creatures vanquished.

Vanquished Creatures (others)
  A bat (D:2)
1 creature vanquished.

Grand Total: 62 creatures vanquished

Notes
Turn   | Place    | Note
-------+----------+-------------------------------------------
     0 | D:1      | jlumianski the Gnoll Warper began the quest for the Orb.
     0 | D:1      | Reached XP level 1. HP: 20/20 MP: 6/6
    99 | D:1      | Reached XP level 2. HP: 15/26 MP: 7/7
   106 | D:1      | Learned a level 2 spell: Blink
   479 | D:2      | Reached XP level 3. HP: 15/31 MP: 9/9
   483 | D:2      | Learned a level 3 spell: Gell's Gravitas
   487 | D:2      | Learned a level 3 spell: Teleport Other
   728 | D:1      | Reached skill level 5 in Spellcasting
  1009 | D:2      | Reached skill level 1 in Invocations
  1481 | D:1      | Reached skill level 1 in Short Blades
  1481 | D:1      | Reached skill level 1 in Long Blades
  1481 | D:1      | Reached skill level 1 in Maces & Flails
  1481 | D:1      | Reached skill level 1 in Polearms
  1481 | D:1      | Reached skill level 1 in Staves
  1481 | D:1      | Reached skill level 1 in Slings
  1481 | D:1      | Reached skill level 1 in Bows
  1481 | D:1      | Reached skill level 1 in Crossbows
  1481 | D:1      | Reached skill level 1 in Stealth
  1481 | D:1      | Reached skill level 1 in Shields
  1481 | D:1      | Reached skill level 1 in Unarmed Combat
  1481 | D:1      | Reached skill level 1 in Evocations
  1585 | D:1      | Reached XP level 4. HP: 38/38 MP: 11/11
  2378 | D:3      | Noticed Sigmund
  2400 | D:3      | Killed Sigmund
  2401 | D:3      | Reached skill level 1 in Conjurations
  2401 | D:3      | Reached skill level 1 in Hexes
  2401 | D:3      | Reached skill level 1 in Summonings
  2401 | D:3      | Reached skill level 1 in Necromancy
  2401 | D:3      | Reached skill level 1 in Transmutations
  2401 | D:3      | Reached skill level 1 in Fire Magic
  2401 | D:3      | Reached skill level 1 in Ice Magic
  2401 | D:3      | Reached skill level 1 in Air Magic
  2401 | D:3      | Reached skill level 1 in Earth Magic
  2401 | D:3      | Reached skill level 1 in Poison Magic
  2401 | D:3      | Reached XP level 5. HP: 15/43 MP: 12/12
  2401 | D:3      | Reached XP level 6. HP: 18/50 MP: 13/13
  2882 | D:3      | Noticed Grinder
  2896 | D:3      | Paralysed by Grinder for 7 turns
  2900 | D:3      | Slain by Grinder

Illustrated notes

Levels and vault maps discovered:
D:1:      erik_arrival_cave_to_civilisation [erik_arrival_cave_to_hall],
          layout_basic
D:2:      wander_river, layout_rooms
D:3:      minmay_diamond_boxcup, layout_basic, chequers_ecumenical_altar_simple,
          guppyfry_early_orc_mine, uniq_grinder, uniq_sigmund

Skill      XL: |  1  2  3  4 |
---------------+-------------+-----
Spellcasting   | 5 |  5.3
Invocations    | 1 2 |  2.0
Short Blades   | 1 |  1.8
Long Blades    | 1 |  1.8
Maces & Flails | 1 |  1.8
Polearms       | 1 |  1.8
Staves         | 1 |  1.8
Slings         | 1 |  1.8
Bows           | 1 |  1.8
Crossbows      | 1 |  1.8
Stealth        | 1 |  1.8
Shields        | 1 |  1.8
Unarmed Combat | 1 |  1.8
Evocations     | 1 |  1.8
Throwing       | 3 |  3.1
Armour         | 3 |  3.1
Conjurations   | 1 |  1.4
Hexes          | 1 |  1.4
Summonings     | 1 |  1.4
Necromancy     | 1 |  1.4
Transmutations | 1 |  1.4
Fire Magic     | 1 |  1.4
Ice Magic      | 1 |  1.4
Air Magic      | 1 |  1.4
Earth Magic    | 1 |  1.4
Poison Magic   | 1 |  1.4
Fighting       | |  4.9
Axes           | |  4.9
Dodging        | |  4.9
Translocations | |  5.6

Action                   |  1- 3 |  4- 6 || total
-------------------------+-------+-------++-------
Melee: Hand axe          |   119 |   105 ||   224
       Bite              |    11 |    13 ||    24
       Punch             |       |     1 ||     1
Throw: Stone             |     1 |       ||     1
       Dart              |       |     6 ||     6
 Cast: Gell's Gravitas   |       |     5 ||     5
  Use: Scroll            |     1 |     3 ||     4
       Potion            |       |     2 ||     2
 Stab: Sleeping          |     1 |     2 ||     3
Armor: Leather armour    |    24 |    18 ||    42
Dodge: Dodged            |   109 |    64 ||   173
